Map: [ESL] Goldenaura

Players

HeroMarine - Winner!

  • Race: Terran Terran
  • Spawn Location: 12:00

Reynor

  • Race: Zerg Zerg
  • Spawn Location: 5:00

Event: ESL SC2 Masters 2024 Spring (Regional)

VOD

Have the link to the VOD?

Description

Time

  • Played on: April 28, 2024, 9:32 a.m.
  • Length: 11:55

All games in this series

Show
View Real Time Build Order
Export as new Build Order

HeroMarine Terran - Winner!

Build Orders: Reaper Expand, Hellion Banshee 

Get SALT Encoding   

  12  0:00  SCV  
  13  0:12  SCV  
  14  0:17  Supply Depot  
  14  0:24  SCV  
  15  0:38  SCV  
  15  0:39  Barracks  
  16  0:43  Refinery  
  16  0:50  SCV  
  17  1:02  SCV  
  18  1:15  SCV  
  19  1:26  Reaper  
  19  1:27  Orbital Command  
  20  1:39  Command Center  
  20  1:47  Supply Depot  
  20  1:52  SCV  
  21  1:57  Marine  
  22  2:04  SCV  
  23  2:10  Factory  
  23  2:16  SCV  
  23  2:21  Barracks Reactor  
  24  2:28  SCV  
  25  2:36  Command Center  
  25  2:40  SCV  
  26  2:52  SCV, Orbital Command  
  27  3:00  Starport  
  27  3:05  SCV  
  28  3:06  Refinery  
  28  3:10  Hellion  
  28  3:12  Hellion  
  32  3:15  Barracks Tech Lab  
  32  3:17  SCV  
  32  3:19  SCV  
  34  3:29  SCV  
  34  3:31  SCV  
  34  3:32  Hellion  
  34  3:33  Hellion  
  40  3:41  SCV  
  41  3:43  SCV  
  41  3:45  Banshee  
  41  3:48  Orbital Command  
  45  3:53  SCV  
  46  3:55  SCV, Cloaking Field  
  46  4:03  Hellion x2  
  46  4:05  SCV  
  46  4:08  SCV  
  46  4:09  Barracks Tech Lab  
  48  4:12  Supply Depot  
  48  4:14  SCV  
  49  4:17  SCV  
  49  4:20  SCV  
  51  4:24  Hellion x2  
  51  4:28  Banshee  
  51  4:29  SCV  
  51  4:31  Marine  
  60  4:33  SCV  
  60  4:35  Supply Depot, Orbital Command  
  60  4:36  Stimpack  
  61  4:41  SCV  
  61  4:45  SCV  
  63  4:49  Marine  
  63  4:50  Barracks  
  63  4:51  Refinery x2  
  64  4:53  SCV, Barracks  
  64  4:57  SCV  
  64  4:58  Supply Depot, Factory Reactor  
  66  5:00  SCV  
  66  5:05  Engineering Bay  
  66  5:06  SCV  
  66  5:07  Marine  
  68  5:08  Engineering Bay  
  68  5:09  SCV  
  68  5:12  SCV  
  71  5:18  SCV  
  71  5:20  Supply Depot  
  71  5:21  SCV, Supply Depot  
  72  5:24  Starport Reactor, Marine  
  72  5:25  SCV  
  75  5:30  SCV, Barracks x2  
  75  5:33  SCV  
  77  5:36  Terran Infantry Weapons Level 1  
  77  5:37  Terran Infantry Armor Level 1  
  77  5:39  SCV  
  77  5:42  SCV  
  79  5:44  Marine x2  
  79  5:45  SCV  
  79  5:46  Supply Depot  
  82  5:50  Supply Depot  
  82  5:51  SCV, Supply Depot  
  82  5:54  SCV  
  82  5:55  Siege Tank  
  87  5:57  SCV  
  87  5:58  Marine x3  
  87  6:01  Marine  
  87  6:04  SCV  
  93  6:06  SCV  
  93  6:09  SCV  
  95  6:12  Marine  
  95  6:14  Medivac x2  
  95  6:15  Marine  
  95  6:16  SCV  
  103  6:18  SCV, Supply Depot  
  103  6:20  Supply Depot  
  103  6:21  Refinery  
  103  6:22  SCV, Refinery  
  103  6:23  Marine  
  103  6:25  Barracks Reactor x2  
  105  6:27  Siege Tank  
  105  6:28  SCV  
  105  6:29  Marine x2  
  105  6:30  SCV  
  112  6:32  Marine  
  112  6:33  Combat Shield, Marine  
  112  6:34  SCV  
  112  6:39  Supply Depot  
  115  6:40  SCV  
  115  6:43  Supply Depot, Marine  
  115  6:45  Medivac  
  115  6:46  Marine  
  119  6:47  Marine  
  119  6:49  Medivac  
  119  6:50  Marine  
  119  6:53  Marine  
  125  6:57  Armory  
  125  7:01  Marine  
  126  7:06  Marine x3  
  126  7:08  Command Center, Factory  
  129  7:13  Marine x5  
  134  7:16  SCV  
  134  7:18  Marine  
  134  7:19  Medivac  
  134  7:21  Siege Tank  
  141  7:24  Medivac, Marine  
  141  7:28  Marine x2  
  146  7:30  Marine  
  146  7:31  Sensor Tower, Marine  
  146  7:32  Marine  
  146  7:33  Marine  
  146  7:34  Supply Depot  
  149  7:40  Marine  
  149  7:48  Marine x3  
  149  7:51  Terran Infantry Weapons Level 2, Terran Infantry Armor Level 2  
  149  7:55  Supply Depot, Marine x3  
  149  7:56  Supply Depot  
  152  8:00  Marine x2  
  152  8:01  Marine  
  155  8:06  Marine x3  
  155  8:11  Siege Tank  
  153  8:13  Marine x3  
  153  8:16  Medivac x2  
  153  8:17  Factory Tech Lab  
  153  8:18  Marine x3  
  149  8:24  Marine x2  
  151  8:29  Barracks  
  151  8:30  SCV x2, Barracks x2, Terran Vehicle Weapons Level 1  
  151  8:32  SCV  
  154  8:38  Siege Tank  
  154  8:39  Marine x2  
  159  8:45  SCV x2  
  159  8:46  SCV  
  160  8:54  Marine x2  
  159  8:56  Siege Tank  
  159  8:57  Planetary Fortress  
  159  9:00  SCV  
  159  9:01  SCV x2  
  165  9:09  Marine x7  
  172  9:11  Siege Tank, Marine  
  172  9:12  Marine  
  177  9:18  Sensor Tower  
  177  9:19  Medivac x2  
  181  9:27  Marine x2  
  181  9:28  Siege Tank  
  161  9:32  Marine x3  
  161  9:33  Barracks Tech Lab x3  
  161  9:39  Command Center  
  161  9:41  Ghost Academy  
  161  9:42  Marauder, Marine x2  
  161  9:43  Marine  
  161  9:44  Marine  
  161  9:45  Marine  
  168  9:47  Siege Tank  
  168  9:52  Marauder  
  173  9:53  Marauder  
  173  9:54  Marine x2, Marauder  
  173  9:55  Marine  
  173  9:59  Marine  
  180  10:00  Siege Tank  
  180  10:02  Marine x2  
  180  10:05  Marine  
  171  10:11  Marine, Marauder  
  171  10:12  Marine  
  175  10:17  Marine  
  175  10:18  Marine x2  
  175  10:20  Siege Tank  
  170  10:22  Marauder x2  
  170  10:24  Marauder  
  165  10:31  Marine  
  165  10:32  Siege Tank, Marauder, Marine x3  
  174  10:38  Marine x4  
  174  10:39  Medivac x2  
  177  10:44  Ghost, Marauder x2  
  177  10:45  Concussive Shells  
  177  10:49  Marine x2  
  184  10:50  Marine x2  
  184  10:53  Ghost  
  184  10:55  SCV x3, Marine  
  184  10:56  SCV, Marine  
  195  10:59  Marine x2  
  197  11:04  Ghost  
  197  11:05  Marine  
  200  11:16  Marine  
  200  11:18  Marine x6  
  190  11:19  Marine x2  
  190  11:22  Siege Tank x2, Marine  
  191  11:29  Marauder  
  182  11:33  Marine  
  182  11:34  Marine  
  177  11:52  Command Center x2  
Show
View Real Time Build Order
Export as new Build Order

Reynor Zerg 

Build Orders: Hatch First 

Get SALT Encoding   

  12  0:00  Drone  
  13  0:12  Overlord  
  13  0:17  Drone  
  14  0:30  Drone x2  
  16  0:48  Hatchery  
  15  0:51  Drone  
  15  0:55  Drone  
  17  0:59  Drone  
  18  1:09  Extractor  
  17  1:14  Spawning Pool  
  17  1:17  Drone  
  17  1:20  Drone  
  18  1:28  Drone  
  19  1:38  Drone  
  20  1:49  Drone  
  21  2:01  Queen x2  
  21  2:02  Zergling x4  
  27  2:16  Hatchery  
  27  2:20  Overlord  
  26  2:25  Spore Crawler  
  26  2:28  Drone  
  26  2:33  Drone x2  
  28  2:37  Metabolic Boost  
  28  2:39  Drone  
  29  2:47  Queen  
  29  2:50  Drone  
  32  2:54  Overlord  
  32  2:57  Drone  
  33  3:00  Drone  
  33  3:02  Drone  
  35  3:06  Drone  
  36  3:15  Queen  
  36  3:18  Overlord  
  36  3:19  Drone x2  
  40  3:21  Drone  
  40  3:25  Drone  
  42  3:28  Drone x2  
  42  3:29  Drone  
  45  3:34  Queen  
  45  3:39  Drone x2  
  49  3:42  Overlord  
  49  3:45  Drone  
  49  3:46  Drone  
  51  3:49  Drone x2  
  51  3:50  Drone  
  53  3:57  Zergling x8  
  53  4:00  Drone  
  57  4:04  Drone  
  57  4:07  Drone  
  58  4:10  Queen  
  58  4:15  Queen  
  62  4:18  Overlord  
  62  4:21  Drone  
  62  4:22  Drone  
  64  4:25  Drone  
  64  4:27  Overlord  
  65  4:32  Lair  
  65  4:35  Overlord  
  65  4:37  Drone x4  
  69  4:40  Spore Crawler  
  69  4:41  Spore Crawler  
  69  4:43  Drone  
  69  4:44  Drone, Extractor  
  68  4:46  Drone  
  68  4:47  Drone  
  68  4:49  Drone  
  68  4:50  Drone  
  68  4:52  Drone x2  
  74  4:55  Overlord  
  74  4:58  Queen  
  76  5:01  Spore Crawler  
  76  5:02  Drone x2  
  76  5:05  Drone  
  76  5:06  Drone  
  79  5:09  Baneling Nest  
  78  5:15  Drone  
  78  5:17  Zergling x4  
  81  5:21  Drone x3  
  81  5:23  Zergling x2  
  81  5:26  Hatchery  
  81  5:27  Zergling x4  
  85  5:29  Drone x2  
  85  5:30  Drone  
  85  5:34  Evolution Chamber, Overseer  
  85  5:35  Evolution Chamber  
  86  5:37  Overseer  
  86  5:38  Overlord  
  86  5:39  Drone x3  
  86  5:42  Drone  
  90  5:43  Overlord  
  90  5:48  Overlord  
  90  5:52  Overlord, Extractor  
  90  5:54  Overlord  
  90  5:55  Drone  
  90  5:58  Extractor x2  
  90  6:03  Zerg Ground Armor Level 1  
  90  6:04  Zerg Melee Weapons Level 1  
  88  6:05  Overlord  
  88  6:06  Drone  
  88  6:19  Drone x4  
  88  6:20  Drone x2  
  88  6:24  Zergling x10  
  99  6:27  Zergling x6  
  99  6:28  Hatchery  
  99  6:31  Centrifugal Hooks  
  99  6:32  Drone  
  102  6:37  Overlord, Hatchery  
  102  6:39  Drone x3  
  105  6:43  Drone x4  
  109  6:49  Zergling x4  
  109  6:50  Zergling x4  
  113  6:55  Infestation Pit  
  113  6:58  Zergling x2  
  113  6:59  Overlord  
  113  7:03  Zergling x10  
  113  7:04  Baneling x3  
  113  7:05  Baneling x3  
  113  7:06  Zergling x2  
  113  7:07  Zergling x6  
  122  7:12  Hatchery  
  122  7:13  Zergling x2, Baneling x5  
  122  7:14  Zergling x8  
  126  7:16  Queen  
  126  7:17  Overlord  
  126  7:21  Zergling x2, Baneling x3  
  126  7:22  Zergling x2  
  129  7:25  Zergling x10  
  134  7:32  Zergling x8  
  134  7:34  Hive  
  134  7:36  Zergling x4  
  140  7:41  Zergling x8  
  137  7:44  Queen x2  
  137  7:47  Zergling x6  
  137  7:51  Zergling x2  
  140  7:56  Zergling x6  
  141  8:00  Zergling x6  
  141  8:03  Zergling x2  
  144  8:09  Zergling x10  
  144  8:12  Zergling x2  
  128  8:14  Zergling x2  
  128  8:18  Zergling x2  
  128  8:19  Baneling x8, Queen  
  112  8:20  Zergling x6  
  112  8:21  Zergling x2  
  112  8:24  Zerg Melee Weapons Level 2, Zerg Ground Armor Level 2  
  118  8:28  Drone x6  
  118  8:29  Drone  
  118  8:33  Zergling x8  
  129  8:36  Baneling  
  129  8:37  Baneling x4  
  129  8:40  Extractor  
  124  8:43  Zergling x2  
  124  8:44  Zergling x14  
  130  8:50  Zergling x2  
  130  8:51  Zergling x4  
  130  8:53  Viper x2  
  138  9:01  Baneling x11  
  138  9:03  Zergling x6  
  138  9:04  Zergling x2  
  142  9:13  Zergling x20  
  142  9:14  Zergling x2, Hatchery  
  152  9:20  Zergling x12  
  155  9:26  Zergling x4  
  155  9:28  Zergling x2  
  155  9:29  Zergling x6  
  142  9:35  Baneling  
  142  9:36  Baneling x20  
  142  9:38  Zergling x4  
  144  9:47  Zergling x20  
  153  9:53  Zergling x14  
  153  9:58  Baneling x6  
  159  10:05  Zergling x20  
  161  10:10  Queen  
  157  10:20  Zergling x16  
  151  10:24  Zergling x4  
  151  10:27  Baneling x6  
  151  10:28  Zergling x12  
  151  10:29  Baneling x4  
  151  10:30  Baneling  
  151  10:33  Zergling x6  
  155  10:43  Zergling x10  
  155  10:47  Drone  
  161  10:53  Baneling x19  
  161  10:55  Drone x2  
  163  11:00  Overlord  
  163  11:01  Hydralisk Den  
  162  11:05  Drone x3  
  162  11:06  Drone x5  
  170  11:12  Overlord  
  157  11:22  Zergling x28  
  157  11:23  Zergling x4  
  156  11:27  Zergling x2  
  156  11:28  Zergling x4  
  156  11:32  Zergling x10  
  157  11:35  Zergling x6  
  157  11:37  Zergling x4  
Tags
 
Add a new tag
Caveats
  • Supply blocks, unpowered buildings, or Contaminate may cause inaccurate times.
  • Supply counts are checked every 10 seconds.